 Dungeon Crawl Stone Soup version 0.26.0-10-g1f06aea511 (webtiles) character file.

Game seed: 17685687064342605698

263 vatarom the Distorting Demonspawn (level 5, -1/42 HPs)
             Began as a Demonspawn Abyssal Knight on Jan 15, 2021.
             Was a Believer of Lugonu.
             Slain by a river rat (6 damage)
             ... on level 3 of the Dungeon.
             The game lasted 00:06:34 (3234 turns).

vatarom the Distorting Demonspawn (DsAK)            Turns: 3234, Time: 00:06:35

Health: -1/42      AC:  5    Str: 13    XL:     5   Next: 98%
Magic:  7/8        EV: 11    Int: 19    God:    Lugonu [**....]
Gold:   228        SH:  0    Dex: 13    Spells: 4/4 levels left

rFire    . . .     SeeInvis .   a - +2 spear
rCold    . . .     Faith    .   (no shield)
rNeg     . . .     Spirit   .   m - +0 ring mail
rPois    .         Reflect  .   (no helmet)
rElec    .         Harm     .   (no cloak)
rCorr    .         Rampage  .   (no gloves)
Will     .....                  (no boots)
Stlth    +.........             (no amulet)
HPRegen  0.14/turn              t - +6 ring of intelligence
MPRegen  0.11/turn              (no ring)

@: hasted, slow
A: talons 1, powered by death 2
a: Renounce Religion, Depart the Abyss, Bend Space


You were on level 3 of the Dungeon.
You worshipped Lugonu.
Lugonu was pleased with you.
You visited 1 branch of the dungeon, and saw 3 of its levels.
You visited the Abyss 1 time.

You collected 228 gold pieces.

Inventory:

Hand Weapons
 a - a +2 spear (weapon)
Armour
 m - a +0 ring mail (worn)
Jewellery
 t - a +6 ring of intelligence (left hand)
Scrolls
 b - a scroll of immolation {unknown}
 d - a scroll of enchant armour {unknown}
 e - a scroll of noise {unknown}
 h - 4 scrolls of identify {@r1}
 i - a scroll of amnesia
 k - a scroll of remove curse {@r2}
Potions
 f - a potion of attraction


   Skills:
 + Level 4.1 Fighting
 + Level 3.6 Polearms
 - Level 1.8 Armour
 * Level 2.2 Dodging
 - Level 4.6 Invocations


You had 4 spell levels left.
You didn't know any spells.
Your spell library was empty.

Dungeon Overview and Level Annotations

Branches:
Dungeon (3/15)

Altars:
Fedhas
Kikubaaqudgha
The Shining One


Innate Abilities, Weirdness & Mutations

You have sharp toenails.
You regenerate health from kills.


Message History

The river rat bites you! The river rat closely misses you.
Your unstable footing causes you to fumble your attack.
The river rat bites you.
You closely miss the river rat. The river rat misses you.
You hit the river rat but do no damage.
You claw the river rat, but do no damage.
The river rat bites you! The river rat bites you.
* * * LOW HITPOINT WARNING * * *
The rat bites you.
* * * LOW HITPOINT WARNING * * *
Okay, then.
Space bends around you!
You blink.
Splash!
The river rat misses you.
It was a potion of haste.
You feel yourself speed up. The river rat bites you.
* * * LOW HITPOINT WARNING * * *
As you read the scroll labelled EQIFFA OTINKAZ, it crumbles to dust.
It is a scroll of enchant weapon.
Your +1 spear glows red for a moment.
The river rat bites you.
You die...

#...≈≈..#... ....
#.†.≈...##### ....
#...#....# ######## .....
##.......## ≈≈#≈≈≈# .....
#.........### #≈#†#≈#≈.....
#.........#≈≈≈≈#≈#r#≈#≈.....
#.........# #≈≈≈†≈#≈≈≈≈.$..
..........########r#≈#≈...#.
#.........#≈≈≈≈≈@rr#≈≈≈.....
#..†......##≈#######≈#......
##........# #≈≈≈.....
##........##########≈≈......
..................).........
...........##...#####..#####
#..........#...#####..##
#............####.....###
#...........###.....#....


You could see 2 river rats and a rat.

Vanquished Creatures
  A scorpion (D:2)
  A hound skeleton (D:3)
  2 worker ant zombies (D:3)
  4 river rats (D:3)
  6 adders (D:2)
  A white imp (D:3)
  An adder skeleton (D:3)
  An adder zombie (D:3)
  6 worms
  4 dart slugs
  A leopard gecko (D:2)
  A ball python (D:1)
  A goblin (D:1)
  5 hobgoblins
  5 jackals (D:1)
  3 quokkas
  6 bats
  6 frilled lizards
  6 kobolds
  2 leopard gecko skeletons (D:3)
  A leopard gecko zombie (D:3)
  A quokka skeleton (D:3)
  6 rats
71 creatures vanquished.

Vanquished Creatures (others)
  3 withered plants (D:2)
3 creatures vanquished.

Grand Total: 74 creatures vanquished

Notes
Turn   | Place    | Note
-------+----------+-------------------------------------------
     0 | Abyss:1  | vatarom the Demonspawn Abyssal Knight began the quest for
                  | the Orb.
     0 | Abyss:1  | Reached XP level 1. HP: 18/18 MP: 2/2
    13 | Abyss:1  | Found a corrupted altar of Lugonu.
    57 | Abyss:1  | Found a corrupted altar of Lugonu.
    69 | Abyss:1  | Noticed a small abomination
    78 | Abyss:1  | Noticed a starcursed mass
    83 | D:1      | Escaped the Abyss
   879 | D:1      | Gained mutation: You regenerate a little health from kills.
                  | [demonic ancestry]
   879 | D:1      | Reached XP level 2. HP: 24/24 MP: 4/4
   991 | D:1      | Reached * piety under Lugonu
  1213 | D:1      | Reached XP level 3. HP: 24/29 MP: 5/5
  1683 | D:2      | Noticed a scorpion
  1695 | D:2      | Killed a scorpion
  1696 | D:2      | Gained mutation: You have sharp toenails. [demonic
                  | ancestry]
  1696 | D:2      | Reached XP level 4. HP: 26/35 MP: 5/7
  2451 | D:2      | Gained mutation: You regenerate health from kills. [demonic
                  | ancestry]
  2451 | D:2      | Reached XP level 5. HP: 42/42 MP: 8/8
  2480 | D:2      | Found a glowing golden altar of the Shining One.
  2537 | D:2      | Found an ancient bone altar of Kikubaaqudgha.
  2553 | D:2      | Reached skill level 1 in Dodging
  2733 | D:2      | Found a blossoming altar of Fedhas.
  3019 | D:3      | Reached ** piety under Lugonu
  3234 | D:3      | Slain by a river rat

Illustrated notes

Levels and vault maps discovered:
D:1:      dpeg_arrival_shrine, layout_basic
D:2:      layout_loops_ring, overflow_temple_1_default,
          kiku_gazebo_garden_becter, fedhas_altar_fruit_tree
D:3:      layout_rooms, serial_undead, serial_undead_c, serial_undead_f,
          serial_undead_a, serial_undead_c, serial_undead_f, serial_undead_a,
          lightli_sewer_entry_pipes, minmay_fountain_box,
          kennysheep_generic_room_6

Skill      XL: |  1  2  3  4  5 |
---------------+----------------+-----
Polearms       | 2 3 |  3.6
Invocations    | 3 4 |  4.6
Dodging        | 2 |  2.2
Fighting       | 4 |  4.1
Armour         | |  1.8

Action                   |  1- 3 |  4- 6 || total
-------------------------+-------+-------++-------
Melee: Spear             |   101 |   218 ||   319
       Kick              |       |    52 ||    52
Invok: Depart the Abyss  |     1 |       ||     1
       Bend Space        |       |     1 ||     1
  Use: Potion            |     1 |     5 ||     6
       Scroll            |       |     4 ||     4
 Stab: Sleeping          |     1 |     1 ||     2
Armor: Leather armour    |    13 |    18 ||    31
       Ring mail         |       |    10 ||    10
Dodge: Dodged            |    53 |    75 ||   128
